 Dungeon Crawl Stone Soup version 0.30-a0-738-g116ff8c4af (webtiles) character file.

Game seed: 15444071483139337407

218 lessens the Chopper (level 5, -6/32 HPs)
             Began as a Tengu Monk on Feb 4, 2023.
             Mangled by an ogre
             ... wielding a +0 giant club
              (21 damage)
             ... on level 4 of the Dungeon.
             The game lasted 00:02:51 (2423 turns).

lessens the Chopper (Tengu Monk)                    Turns: 2423, Time: 00:02:51

Health: -6/32      AC:  5    Str: 13    XL:     5   Next: 95%
Magic:  6/6        EV: 14    Int: 10    God:
Gold:   152        SH:  0    Dex: 17    Spells: 4/4 levels left

rFire   . . .      SeeInvis .    a - +0 hand axe
rCold   . . .      Faith    .    (no shield)
rNeg    . . .      Spirit   .    e - +0 ring mail
rPois   .          Reflect  .    (helmet restricted)
rElec   .          Harm     .    (no cloak)
rCorr   +          Rampage  .    (no gloves)
Will    .....                    (boots unavailable)
Stlth   +                        (no amulet)
HPRegen 0.25/turn                l - ring of resist corrosion
MPRegen 0.10/turn                (no ring)

@: flying quickly and evasively, quick
A: beak, talons 3, nimble flight
a: no special abilities


You were on level 4 of the Dungeon.
You visited 1 branch of the dungeon, and saw 4 of its levels.

You collected 152 gold pieces.

Inventory:

Hand Weapons
 a - a +0 hand axe (weapon)
Missiles
 h - 41 stones
 s - 4 atropa-tipped darts (quivered)
Armour
 b - a +0 robe
 e - a +0 ring mail (worn)
Jewellery
 l - a ring of resist corrosion (left hand)
Scrolls
 d - a scroll of vulnerability {unknown}
 g - 5 scrolls of identify {unknown}
 j - 3 scrolls of teleportation {unknown}
 k - a scroll of amnesia {unknown}
 o - a scroll of magic mapping {unknown}
 p - 3 scrolls of enchant weapon {unknown}
 t - a scroll of poison {unknown}
 u - a scroll of fog {unknown}
Potions
 c - 2 potions of flight {unknown}
 f - a potion of brilliance {unknown}
 i - a potion of invisibility {unknown}
 m - 2 potions of lignification
 n - a potion of curing {unknown}
 q - 2 potions of mutation {unknown}
 r - 2 potions of cancellation {unknown}
 v - a potion of berserk rage {unknown}


   Skills:
 - Level 3.0 Fighting
 + Level 7.1 Axes
 - Level 3.2 Dodging
 - Level 2.0 Stealth


You had 4 spell levels left.
You didn't know any spells.
Your spell library contained the following spells:

 Spells                   Type           Power      Damage    Failure   Level
 Freeze                   Ice            0%         1d3       63%         1
 Kiss of Death            Conj/Necr      0%         2d5       63%         1
 Slow                     Hex            0%         N/A       63%         1
 Confusing Touch          Hex            0%         N/A       94%         3
 Frozen Ramparts          Ice            0%         1d1       94%         3
 Hailstorm                Conj/Ice       0%         3d3       94%         3
 Vampiric Draining        Necr           0%         2d6       94%         3
 Dispel Undead            Necr           0%         3d6       100%        4


Dungeon Overview and Level Annotations

Branches:
Dungeon (4/15) Zot: 21625
 Temple: D:4-7

Altars:
Kikubaaqudgha
Xom
Yredelemnul


Innate Abilities, Weirdness & Mutations

You have a beak for a mouth.
You have claws for feet.
Your magical nature lets you fly swiftly and evasively.


Message History

The hobgoblin shouts!
You hit the hobgoblin but do no damage. You hit the hobgoblin but do no damage.
The hobgoblin misses you.
You barely miss the hobgoblin. The hobgoblin hits you.
You hit the hobgoblin.
You kill the hobgoblin!
No target in view!
No target in view!
You now have 140 gold pieces (gained 20).
You now have 152 gold pieces (gained 12).
q - 2 sedimented grey potions (gained 1)
v - a golden potion
Found an escape hatch in the ceiling.
Found a stone staircase leading up.
An ogre comes into view. It is wielding a +0 giant club.
The ogre shouts!
Found a purple potion.
Throw: 5 darts (atropa)
Press: ? - help, Q - select action, (/) - cycle Shift-Dir - straight line, f - ogre
Aim: an ogre, wielding a +0 giant club (75% to hit, chance to blind on hit: 41%)
You throw an atropa-tipped dart. The atropa-tipped dart hits the ogre.
The ogre appears confused.
The ogre seems less confused.
You hit the ogre. Your kick misses the ogre.
The ogre is lightly wounded.
The ogre hits you with a +0 giant club!!
Ouch! That really hurt!
You are too injured to fight recklessly!
You are too injured to fight recklessly!
You catch the helpless ogre completely off-guard!
You hit the ogre. You peck the ogre.
The ogre is heavily wounded.
You hit the ogre.
The ogre is severely wounded.
The ogre closely misses you.
You hit the ogre. You peck the ogre, but do no damage.
The ogre is severely wounded.
The ogre is no longer blind.
The ogre hits you with a +0 giant club!!
Ouch! That really hurt!
You die...

.# .. ## #. !. #.
.#########. #.
.##.#...... #(#.
........##
#.O###.........
#########
#@.##.......#
#.......#
##.##.....<.#####
#.#####.#
#........<.......
#.# #.#
####.............
#.# #.#
#............. #.#
#.# ####.##........
#####.# #.#
#.....#.......
......#
#.#######.##..#....#
#######
#.......#.###......#


You could see an ogre.

Vanquished Creatures
  A hound (D:4)
  A jelly (D:4)
  4 gnolls (D:3)
  5 adders
  2 worms
  2 dart slugs
  A bat (D:2)
  4 endoplasms
  2 giant cockroaches
  5 goblins
  9 hobgoblins
  7 jackals (D:2)
  5 ball pythons
  4 frilled lizards
  3 kobolds
  10 rats
65 creatures vanquished.

Notes
Turn   | Place    | Note
-------+----------+-------------------------------------------
     0 | D:1      | lessens the Tengu Monk began the quest for the Orb.
     0 | D:1      | Reached XP level 1. HP: 14/14 MP: 2/2
   144 | D:1      | Reached XP level 2. HP: 19/19 MP: 3/3
   180 | D:1      | Reached skill level 4 in Axes
   584 | D:2      | Found a faded altar of an unknown god.
   775 | D:2      | Reached XP level 3. HP: 23/23 MP: 4/4
   999 | D:2      | Reached skill level 5 in Axes
  1084 | D:2      | Reached XP level 4. HP: 28/28 MP: 5/5
  1181 | D:2      | Found a shimmering altar of Xom.
  1666 | D:3      | Reached skill level 6 in Axes
  1668 | D:3      | Gained mutation: Your magical nature lets you fly swiftly
                  | and evasively. [Tengu growth]
  1668 | D:3      | Reached XP level 5. HP: 27/32 MP: 6/6
  1795 | D:3      | Found a basalt altar of Yredelemnul.
  1848 | D:3      | Found a faded altar of an unknown god.
  1851 | D:3      | Found an ancient bone altar of Kikubaaqudgha.
  2300 | D:4      | Reached skill level 7 in Axes
  2416 | D:4      | Noticed an ogre
  2423 | D:4      | Mangled by an ogre

Illustrated notes

Levels and vault maps discovered:
D:1:      zelgadis_glass_arrival_small, layout_rooms, minmay_octomino_j4
D:2:      layout_loops_ring, basic_altar, ebering_ecumenical_altar_rust,
          kennysheep_generic_room_5
D:3:      layout_rooms, nicolae_overflow_ecumenical_swirl,
          mainiacjoe_overflow_catwalk
D:4:      layout_basic

Skill      XL: |  1  2  3  4  5 |
---------------+----------------+-----
Axes           | 4 5 6 7 |  7.1
Fighting       | |  3.0
Dodging        | |  3.2
Stealth        | |  2.0

Action                     |  1- 3 |  4- 6 || total
---------------------------+-------+-------++-------
  Melee: Hand axe          |    84 |    90 ||   174
         Kick              |    20 |    25 ||    45
         Peck              |    15 |    14 ||    29
  Throw: Stone             |       |     3 ||     3
         Dart              |       |     1 ||     1
    Use: Potion            |     2 |       ||     2
   Stab: Sleeping          |     2 |     1 ||     3
         Invisible         |       |     1 ||     1
 Armour: Ring mail         |    18 |    15 ||    33
         Robe              |     1 |       ||     1
         Skin              |    40 |       ||    40
  Dodge: Dodged            |    56 |    50 ||   106

Table legend: (Time is in decaauts)
 A = Elapsed time spent in this place.
 B = Non-inter-level travel time spent in this place.
 C = Inter-level travel time spent in this place.
 D = Time resting spent in this place.
 E = Time spent auto-exploring this place.
 F = Levels seen in this place.
 G = Mean time per level.
                   A        B        C        D        E       F      G
               +--------+--------+--------+--------+--------+-----+--------+
         Total |   2373 |   2291 |     82 |      0 |   1833 |   4 |  593.2 |
       Dungeon |   2373 |   2291 |     82 |      0 |   1833 |   4 |  593.2 |
               +--------+--------+--------+--------+--------+-----+--------+

Top non-repeatable levels by time:
     D:2: 825 daAuts
     D:3: 604 daAuts
     D:1: 583 daAuts
     D:4: 360 daAuts
